 Dungeon Crawl Stone Soup version 0.32-a0-872-g59262bdc9b (webtiles) character file.

Game seed: 8575010114116010295

923 Shayle the Apothecary (level 8, 0/52 HPs)
             Began as a Coglin Alchemist on Mar 30, 2024.
             Was an Initiate of Ashenzari.
             Splashed by a jelly's acid (2 damage)
             ... in a sewer.
             The game lasted 00:13:43 (3946 turns).

Shayle the Apothecary (Coglin Alchemist)            Turns: 3946, Time: 00:13:44

Health: 0/52       AC: -10   Str: 12    XL:     8   Next: 10%
Magic:  15/15      EV: 11    Int: 16    God:    Ashenzari [......]
Gold:   188        SH:  0    Dex: 15    Spells: 12/16 levels left

rFire   . . .        u - +8 dagger "Kiutyg Gor" {venom, Will++ Str+3}
rCold   . . .        s - +0 trident {Xiuying}
rNeg    . . .        a - +0 robe
rPois   .            (no helmet)
rElec   .            (no cloak)
rCorr   .            (no gloves)
SInv    .            (no boots)
Will    ++...        (amulet unavailable)
Stlth   ++           (ring unavailable)
HPRegen 0.28/turn    (ring unavailable)
MPRegen 0.14/turn    (no gizmo)

%: no passive effects
@: corroded, revved
A: off-hand wielding, slow wielding, warmup strikes, no jewellery
a: Invent Gizmo, Renounce Religion, Curse Item


You were in a sewer.
You worshipped Ashenzari.
Ashenzari was noncommittal.
You visited 2 branches of the dungeon, and saw 6 of its levels.
You also visited: Sewer.

You collected 188 gold pieces.

Inventory:

Hand Weapons
 j - a +0 short sword {Akihito}
 k - a +0 dagger
 m - a +0 spear
 s - a +0 trident (offhand) {Xiuying}
 u - the +8 dagger "Kiutyg Gor" (weapon) {venom, Will++ Str+3}
   (You found it on level 4 of the Dungeon)

   Str+3:     It affects your strength (+3).
   Will++:    It greatly increases your willpower.
 v - a +0 hand axe of draining
Armour
 a - a +0 robe (worn)
Scrolls
 c - 5 scrolls of teleportation {unknown}
 e - 2 scrolls of enchant armour {unknown}
 i - a scroll of blinking {unknown}
 l - a scroll of amnesia {unknown}
 n - 2 scrolls of enchant weapon {unknown}
 o - 2 scrolls of identify {unknown}
 r - a scroll of fear {unknown}
Potions
 b - a potion of magic
 d - a potion of attraction {unknown}
 f - a potion of brilliance {unknown}
 g - 2 potions of mutation {unknown}
 h - a potion of heal wounds {unknown}
 p - a potion of lignification {unknown}
 q - a potion of degeneration {unknown}
 w - a potion of enlightenment {unknown}
 x - a potion of haste {unknown}


   Skills:
 - Level 1.7 Dodging
 - Level 1.5 Stealth
 + Level 4.6 Spellcasting
 + Level 4.6 Conjurations
 + Level 6.5 Alchemy


You had 12 spell levels left.
You knew the following spells:

 Your Spells              Type           Power      Damage    Failure   Level
a - Sting                 Conj/Alch      84%        1d8       1%          1
b - Mephitic Cloud        Conj/Alch/Air  15%        N/A       11%         3

Your spell library contained the following spells:

 Spells                   Type           Power      Damage    Failure   Level
 Mercury Vapours          Alch/Air       28%        N/A       6%          2
 Olgreb's Toxic Radiance  Alch           24%        N/A       11%         4
 Summon Small Mammal      Summ           12%        N/A       16%         1
 Sticky Flame             Fire/Alch      14%        2d5       38%         4
 Call Canine Familiar     Summ           3%         N/A       43%         3
 Summon Blazeheart Golem  Fire/Summ      3%         N/A       83%         4


Dungeon Overview and Level Annotations

Branches:
Dungeon (5/15)             Temple (1/1) D:4           Sewer (1/1)

Altars:
Ashenzari
Cheibriados
Dithmenos
Elyvilon
Fedhas
Gozag
Hepliaklqana
Kikubaaqudgha
Makhleb
Nemelex Xobeh
Okawaru
Ru
Sif Muna
Trog
Wu Jian
Yredelemnul
The Shining One

Annotations:
D:3 Grinder


Innate Abilities, Weirdness & Mutations

You can wield a second weapon in your off-hand.
It takes a long time for you to wield or remove held weapons.
Your first few attacks do less damage.
You cannot equip rings or amulets.


Message History

* * * LOW HITPOINT WARNING * * *
Unknown command.
You aren't carrying any items that you can evoke.
Unknown command.
Unknown command.
Okay, then.
Okay, then.
Okay, then.
It was a potion of curing.
You feel better. The jelly hits you.
You are splashed with acid!
* * * LOW HITPOINT WARNING * * *
You feel better.
The kobold shouts!
The jelly barely misses you.
You hit the jelly but do no damage.
Your graspers burn!
* * * LOW HITPOINT WARNING * * *
The jelly is severely wounded.
You hit the jelly but do no damage.
Your graspers burn!
* * * LOW HITPOINT WARNING * * *
The jelly closely misses you.
Unknown command.
You feel better. The jelly closely misses you.
You hit the jelly but do no damage.
Your graspers burn!
The jelly is severely wounded.
You hit the jelly with the +8 dagger "Kiutyg Gor".
Your graspers burn!
The jelly misses you.
Unknown command.
You hit the jelly but do no damage.
Your graspers burn!
The jelly is almost dead.
You hit the jelly but do no damage.
Your graspers burn!
* * * LOW HITPOINT WARNING * * *
The jelly hits you.
* * * LOW HITPOINT WARNING * * *
The acid corrodes you!
You are splashed with acid!
* * * LOW HITPOINT WARNING * * *
The kobold hits you with a +0 club.
* * * LOW HITPOINT WARNING * * *
You hit the jelly with the +8 dagger "Kiutyg Gor".
Your graspers burn!
You die...

#.~≈~.####
####.~≈~.####
#∩...)∩..'..#
####.~≈~.####
####.~≈~.####
#..'.~≈~.'..#
####.~≈~.####
####.~≈~.####
#.J@.~≈~.').#
####K~≈~.####
###.~≈~.####
..'.~≈~.'..#
#############
#~≈~# #~≈~#
#~≈~# #~≈~


You could see a jelly and a kobold.

Vanquished Creatures
  Eustachio (Temple)
  Pargi (Sewer)
  2 scorpions (D:4)
  A gnoll bouda (D:4)
  3 bombardier beetles
  2 orc priests (D:4)
  3 hounds
  An iguana (D:4)
  2 orc wizards (D:4)
  Natasha (thrice) (D:4)
  4 gnolls (D:4)
  3 adders
  A dart slug (D:4)
  6 orcs
  6 endoplasms
  7 giant cockroaches
  5 goblins
  3 hobgoblins
  4 jackals (D:1)
  6 quokkas
  3 ball pythons
  2 frilled lizards
  8 kobolds
  3 rats
80 creatures vanquished.

Notes
Turn   | Place    | Note
-------+----------+-------------------------------------------
     0 | D:1      | Shayle the Coglin Alchemist began the quest for the Orb.
     0 | D:1      | Reached XP level 1. HP: 13/13 MP: 3/3
    13 | D:1      | Reached skill level 1 in Conjurations
    48 | D:1      | Reached XP level 2. HP: 11/19 MP: 0/5
   620 | D:1      | You fall into a shaft and drop 1 floor!
   651 | D:2      | Found a faded altar of an unknown god.
   724 | D:2      | Reached XP level 3. HP: 16/24 MP: 1/6
  1584 | D:3      | Found a broken altar of Ashenzari.
  1584 | D:3      | Found a snail-covered altar of Cheibriados.
  1593 | D:3      | Became a worshipper of Ashenzari the Shackled
  1641 | D:3      | Reached skill level 4 in Alchemy
  1641 | D:3      | Reached XP level 4. HP: 30/30 MP: 4/7
  1989 | D:3      | Noticed Grinder
  2009 | D:4      | Noticed a scorpion
  2063 | D:4      | Noticed Natasha
  2070 | D:4      | Killed Natasha
  2142 | D:4      | Found a sacrificial altar of Ru.
  2158 | D:4      | Reached XP level 5. HP: 27/35 MP: 9/9
  2171 | D:4      | Identified the +8 dagger "Kiutyg Gor" {venom, Will++ Str+3}
  2236 | D:4      | Reached XP level 6. HP: 26/41 MP: 10/10
  2357 | D:4      | Found a staircase to the Ecumenical Temple.
  2363 | D:4      | Noticed Eustachio
  2366 | D:4      | Reached skill level 5 in Alchemy
  2369 | Temple   | Entered the Ecumenical Temple
  2395 | Temple   | Killed Eustachio
  2396 | Temple   | Reached XP level 7. HP: 24/46 MP: 10/12
  2505 | D:4      | Noticed Natasha
  2512 | D:4      | Killed Natasha
  2877 | D:4      | Learned a level 3 spell: Mephitic Cloud
  3160 | D:4      | Reached skill level 6 in Alchemy
  3583 | D:4      | Noticed Natasha
  3590 | D:4      | Killed Natasha
  3651 | D:5      | Entered Level 5 of the Dungeon
  3705 | D:5      | Found a glowing drain.
  3729 | Sewer    | Entered a sewer
  3748 | Sewer    | Noticed Pargi
  3784 | Sewer    | Killed Pargi
  3785 | Sewer    | Reached XP level 8. HP: 26/52 MP: 8/15
  3945 | Sewer    | HP: 2/52 [kobold/+0 club (2)]
  3946 | Sewer    | Splashed by a jelly's acid

Illustrated notes

Levels and vault maps discovered:
D:1:      spicycebolla_arrival_xxxplode, layout_basic
D:2:      layout_basic, ebering_ecumenical_altar_rust, grunt_ministairs_5,
          minmay_misc_feat_tiny
D:3:      layout_loops_ring, grunt_temple_overflow_open, nrook_mini_vaults,
          minivault_11, uniq_grinder
D:4:      layout_basic, mainiacjoe_overflow_chevrons,
          minmay_temple_entry_antechambers, uniq_natasha, uniq_eustachio
D:5:      layout_rooms, kennysheep_mini, portal_sewer_entry_f, serial_rivers,
          chequers_serial_rivers_room_b, chequers_serial_rivers_small_b,
          chequers_serial_rivers_room_a, chequers_serial_rivers_micro_e,
          chequers_serial_rivers_micro_c
Temple:   eino_temple_water
Sewer:    kennysheep_door_sewer

Skill      XL: |  1  2  3  4  5  6  7 |
---------------+----------------------+-----
Conjurations   | 1 2 3 4 |  4.6
Spellcasting   | 2 3 4 |  4.6
Alchemy        | 4 5 6 |  6.5
Dodging        | |  1.7
Stealth        | |  1.5

Action                     |  1- 3 |  4- 6 |  7- 9 || total
---------------------------+-------+-------+-------++-------
  Melee: Unarmed           |    30 |       |       ||    30
         Short sword       |     6 |    30 |       ||    36
         Trident           |       |    33 |    66 ||    99
         Dagger            |       |    19 |    61 ||    80
   Cast: Sting             |    38 |    14 |    27 ||    79
         Mephitic Cloud    |       |       |     1 ||     1
    Use: Potion            |       |       |     3 ||     3
   Stab: Sleeping          |       |     2 |     3 ||     5
         Distracted        |       |       |     1 ||     1
 Armour: Robe              |    25 |    31 |    57 ||   113
  Dodge: Dodged            |    28 |    25 |    34 ||    87

Table legend: (Time is in decaauts)
 A = Elapsed time spent in this place.
 B = Non-inter-level travel time spent in this place.
 C = Inter-level travel time spent in this place.
 D = Time resting spent in this place.
 E = Time spent auto-exploring this place.
 F = Levels seen in this place.
 G = Mean time per level.
                   A        B        C        D        E       F      G
               +--------+--------+--------+--------+--------+-----+--------+
         Total |   3969 |   3910 |     59 |    438 |   2434 |   7 |  567.0 |
       Dungeon |   3638 |   3579 |     59 |    333 |   2332 |   5 |  727.6 |
        Temple |    106 |    106 |      0 |     13 |     78 |   1 |  106.0 |
         Sewer |    224 |    224 |      0 |     92 |     24 |   1 |  224.0 |
               +--------+--------+--------+--------+--------+-----+--------+

Top non-repeatable levels by time:
     D:4: 1549 daAuts
     D:2: 921 daAuts
     D:1: 620 daAuts
     D:3: 465 daAuts
   Sewer: 224 daAuts
  Temple: 106 daAuts
     D:5: 82 daAuts
